 Dungeon Crawl Stone Soup version 0.21.1-1-g345015f (webtiles) character file.

257 inc the Chiller (level 6, -3/36 HPs)
             Began as an Octopode Ice Elementalist on June 17, 2018.
             Slain by a gnoll
             ... wielding a +0 spear
              (12 damage)
             ... on level 3 of the Dungeon.
             The game lasted 00:04:43 (3745 turns).

inc the Chiller (Octopode Ice Elementalist)         Turns: 3745, Time: 00:04:44

Health: -3/36      AC:  1    Str:  7    XL:     6   Next: 16%
Magic:  9/9        EV: 13    Int: 20    God:
Gold:   94         SH:  0    Dex: 12    Spells: 8/9 levels left

rFire    . . .     SeeInvis .   g - +0 war axe (elec)
rCold    . . .     Gourm    .   (no shield)
rNeg     . . .     Faith    .   (helmet restricted)
rPois    .         Spirit   .   (no amulet)
rElec    .         Reflect  .   (no ring)
rCorr    .         Harm     .   (no ring)
MR       .....                  (no ring)
Stlth    +++.......             (no ring)
HPRegen  0.12/turn              (no ring)
MPRegen  0.11/turn              (no ring)
                                (no ring)
                                (no ring)

@: no status effects
A: almost no armour, stealthy swim, amphibious, 8 rings, constrict 8, camouflage
1, gelatinous body 1
a: no special abilities


You were on level 3 of the Dungeon.
You were very hungry.

You visited 1 branch of the dungeon, and saw 3 of its levels.

You collected 94 gold pieces.

Inventory:

Hand Weapons
 g - a +0 war axe of electrocution (weapon)
 i - a +0 blowgun
Missiles
 j - 28 poisoned needles
Scrolls
 c - 4 scrolls of identify {unknown}
 d - 2 scrolls of amnesia {unknown}
 h - a scroll of teleportation {unknown}
Potions
 e - 2 potions of flight {unknown}
 f - a potion of curing {unknown}
Books
 a - a book of Frost

   Spells                             Type                      Level
   a - Freeze                         Ice                          1
   b - Throw Frost                    Conjuration/Ice              2
   c - Ozocubu's Armour               Charms/Ice                   3
   d - Throw Icicle                   Conjuration/Ice              4
   e - Summon Ice Beast               Ice/Summoning                4
Comestibles
 b - 8 rations


   Skills:
 - Level 2.0 Dodging
 - Level 2.6 Stealth
 - Level 2.1 Spellcasting
   Level 1.0 Conjurations
 + Level 6.6 Ice Magic


You had 8 spell levels left.
You knew the following spells:

 Your Spells              Type           Power        Failure   Level  Hunger
a - Freeze                Ice            ####         1%          1    #......


Dungeon Overview and Level Annotations

Branches:
Dungeon (3/15)

Altars:
Xom

Annotations:
D:3 Sigmund


Innate Abilities, Weirdness & Mutations

You cannot wear most types of armour.
You are very stealthy in the water. (Stealth+)
You are amphibious.
You can wear up to eight rings at the same time.
You can use your tentacles to constrict eight enemies at once.
Your skin changes colour to match your surroundings (Stealth+).
Your rubbery body absorbs attacks. (AC +1, EV +1)


Message History

HP restored.
(D) Dungeon
Where to? (Enter - D:3, ? - help)
You climb downwards.
Level annotation: Sigmund The gnoll barely misses you.
The gnoll completely misses you.
The gnoll is too close now for your liking.
There is a stone staircase leading up, spattered with blood here.
You barely miss the gnoll. You grab the gnoll. You constrict the gnoll.
The gnoll closely misses you. The gnoll hits you with a spear!
The gnoll hits you from afar with a spear.
You slash the gnoll! You squeeze the gnoll.
The gnoll is severely wounded.
You constrict the gnoll. The gnoll hits you with a spear!
* * * LOW HITPOINT WARNING * * *
The gnoll barely misses you. The gnoll closely misses you.
You slash the gnoll!
You kill the gnoll!
The gnoll hits you from afar with a spear!
You die...

#### #.....#
##...##.....#
......#.....#
#...#.....# ..
#....#...#
.<.8##..g##..#
.....#...##....
.8.......#######
.....#...g)@#
.>.8##..#####
..[##....
####.....
##..... #.....
#...... #...


You could see a gnoll.

Vanquished Creatures
  A scorpion (D:3)
  Terence (D:3)
  2 gnolls (D:3)
  7 adders
  An ooze (D:3)
  5 worms
  6 orcs
  10 bats
  3 giant cockroaches
  16 hobgoblins
  6 jackals
  4 kobolds
  A quokka (D:3)
  2 frilled lizards
  7 goblins
  9 rats
81 creatures vanquished.

Vanquished Creatures (others)
  5 toadstools (D:1)
5 creatures vanquished.

Grand Total: 86 creatures vanquished

Notes
Turn   | Place    | Note
-------+----------+-------------------------------------------
     0 | D:1      | inc the Octopode Ice Elementalist began the quest for the Orb.
     0 | D:1      | Reached XP level 1. HP: 11/11 MP: 3/3
   476 | D:1      | Reached XP level 2. HP: 15/17 MP: 0/5
   885 | D:1      | Reached XP level 3. HP: 21/21 MP: 6/6
  1042 | D:1      | Reached skill level 4 in Ice Magic
  1413 | D:2      | Reached XP level 4. HP: 17/27 MP: 7/7
  1810 | D:2      | Reached skill level 5 in Ice Magic
  2453 | D:3      | Noticed Terence
  2476 | D:3      | Reached XP level 5. HP: 17/31 MP: 4/8
  2872 | D:3      | Found a shimmering altar of Xom.
  2873 | D:3      | Killed Terence
  2873 | D:3      | Reached skill level 6 in Ice Magic
  3028 | D:3      | Noticed Sigmund
  3111 | D:3      | Reached XP level 6. HP: 29/36 MP: 9/9
  3745 | D:3      | Slain by a gnoll

Skill      XL: |  1  2  3  4  5 |
---------------+----------------+-----
Ice Magic      | 4 5 6 |  6.6
Dodging        | |  2.0
Stealth        | |  2.6
Spellcasting   | |  2.1
Conjurations   | |  1.0

Action                   |  1- 3 |  4- 6 || total
-------------------------+-------+-------++-------
Melee: Unarmed           |    54 |       ||    54
       Constrict         |    14 |    24 ||    38
       Tentacles         |     4 |    12 ||    16
       War axe           |     3 |   108 ||   111
 Cast: Freeze            |    25 |    10 ||    35
 Stab: Sleeping          |     7 |     4 ||    11
       Distracted        |     1 |     1 ||     2
  Eat: Chunk             |     2 |     6 ||     8
Armor: Skin              |     8 |    14 ||    22
Dodge: Dodged            |    58 |   102 ||   160
